 Dungeon Crawl Stone Soup version 0.16-a0-956-g65bd446 (webtiles) character file.

69375 Ratboiler the Spry (level 14, -12/67 HPs)
             Began as a Felid Fire Elementalist on Sept 29, 2014.
             Was the Champion of Vehumet.
             Mangled by a naga warrior
             ... wielding a +1 whip of electrocution
              (15 damage)
             ... on Level 3 of the Snake Pit on Oct 1, 2014.
             The game lasted 04:29:31 (52161 turns).

Ratboiler the Spry (Felid Fire Elementalist)       Turns: 52161, Time: 04:29:31

HP -12/67        AC  3     Str  4      XL: 14   Next: 90%
MP  14/43        EV 33     Int 21      God: Vehumet [******]
Gold 1620        SH  0     Dex 19      Spells:  8 memorised,  5 levels left
Lives: 0, deaths: 4

rFire  + . .     SeeInvis +       - Unarmed
rCold  . . .     Clarity  .     (armour unavailable)
rNeg   . . .     rCorr    .     (shield unavailable)
rPois  +         rRot     .     (helmet unavailable)
rElec  .         Spirit   .     (cloak unavailable)
SustAb .         Warding  .     (gloves unavailable)
rMut   +         Stasis   .     (boots unavailable)
Gourm  .                        p - amulet "Smul" {rMut rPois MR+}
MR     ++++.                    D - ring of fire
                                l - ring of magical power

@: constricted, quick, incredibly resistant to hostile enchantments, fairly
stealthy
A: paw claws, no armour, no weapons or thrown items, fangs 3, see invisible,
agile 1, carnivore 3, speed 1, magic resistance 1, screaming 1, shaggy fur 3,
slow metabolism 1, jump 3
a: Jump Attack, Renounce Religion


You were on level 3 of the Snake Pit.
You worshipped Vehumet.
Vehumet was exalted by your worship.
You were not hungry.

You visited 5 branches of the dungeon, and saw 31 of its levels.

You collected 3283 gold pieces.
You spent 1663 gold pieces at shops.

Inventory:

Magical devices
 a - a wand of flame (8)
 r - a wand of polymorph (2)
 t - a wand of paralysis (12)
 y - a wand of heal wounds (2)
 B - a wand of cold (2)
 E - a wand of frost (13)
 H - a wand of cold (6)
 J - a wand of random effects (5)
 L - a wand of magic darts (9)
 O - a wand of paralysis (2)
 R - a wand of confusion (12)
Comestibles
 c - 6 meat rations
Scrolls
 e - 6 scrolls of recharging
 g - 6 scrolls of identify
 o - 6 scrolls of teleportation
 x - 5 scrolls of fear
 G - 2 scrolls of silence
 W - 4 scrolls of remove curse
Jewellery
 f - an uncursed amulet of stasis {unknown}
 j - an uncursed ring of regeneration
 l - a ring of magical power (left paw)
 p - the amulet "Smul" (around neck) {rMut rPois MR+}
   (You acquired it on level 13 of the Dungeon)

   [amulet of resist mutation]

   It protects you from mutation.
   It protects you from poison.
   It affects your resistance to hostile enchantments.
 w - a cursed ring of wizardry
 z - an uncursed ring of positive energy
 D - a ring of fire (right paw)
 N - an uncursed ring of flight {unknown}
 T - an uncursed amulet of clarity
 U - an uncursed ring of protection from cold
 Z - an uncursed ring of sustain abilities
Potions
 d - 3 potions of haste
 h - 2 potions of heal wounds
 m - 2 potions of curing
 n - 5 potions of restore abilities
 q - a potion of cancellation
 u - 4 potions of brilliance
 F - a potion of resistance
 Y - a potion of lignification {unknown}
Books
 A - a book of Clouds

   Spells                             Type                      Level
   *Mephitic Cloud                    Conjuration/Poison/Air       3
   *Conjure Flame                     Conjuration/Fire             3
   Poisonous Cloud                    Conjuration/Poison/Air       6
   Freezing Cloud                     Conjuration/Ice/Air          6
   Ring of Flames                     Charms/Fire                  7
Miscellaneous
 b - a sack of spiders
 I - a fan of gales
 M - a phial of floods


   Skills:
 - Level 11.4 Fighting
 - Level 15.9 Dodging
 - Level 2.6 Stealth
 - Level 6.2 Unarmed Combat
 - Level 10.1 Spellcasting
 * Level 15.3 Conjurations
 - Level 9.1 Fire Magic
 - Level 1.5 Earth Magic
 - Level 7.7 Poison Magic


You had 5 spell levels left.
You knew the following spells:

 Your Spells              Type           Power        Failure   Level  Hunger
a - Lee's Rapid Deconstr  Erth           ###.......   41%         5    ####...
b - Throw Flame           Conj/Fire      ######       1%          2    None
c - Conjure Flame         Conj/Fire      #######.     1%          3    None
d - Animate Skeleton      Necr           N/A          8%          1    None
e - Inner Flame           Hex/Fire       #####...     1%          3    None
f - Mephitic Cloud        Conj/Pois/Air  #####...     1%          3    None
g - Fireball              Conj/Fire      #######...   1%          5    ####...
h - Poison Arrow          Conj/Pois      ######....   2%          6    ######.


Dungeon Overview and Level Annotations

Branches:
Dungeon (15/15)            Temple (1/1) D:4             Orc (4/4) D:12
    Elf (0/3) Orc:3          Lair (8/8) D:11         Shoals (0/5) Lair:3
  Snake (3/5) Lair:3        Slime (0/6) Lair:8       Vaults (0/5) D:13
 Depths: D:15

Altars:
Ashenzari
Cheibriados
Dithmenos
Elyvilon
Fedhas
Gozag
Kikubaaqudgha
Makhleb
Nemelex Xobeh
Okawaru
Qazlal
Ru
Sif Muna
Trog
Vehumet
Xom
Yredelemnul
Zin
The Shining One
Beogh

Shops:
D:11 [   D:12 ?   Orc:3 !   Orc:4 :(}(}   Snake:1 *   Snake:2 [

Portals:
Trove: D:13 (give 16 potions of curing)

Annotations:
D:8 Joseph
D:10 Gastronok; Raxtorm's ghost, powerful MiFi
Snake:2 casual's ghost, powerful DgTm


Innate Abilities, Weirdness & Mutations

You cannot wear armour.
You are incapable of wielding weapons or throwing items.
Your paws have sharp claws.
You have razor-sharp teeth.
You have supernaturally acute eyesight.
You are carnivorous and can eat meat at any time.
You cover ground quickly.
Your thick and shaggy fur keeps you warm (AC +3, rC+).
You have a slow metabolism.
You can jump attack at a long distance.
You are agile. (Dex +2)
You are resistant to hostile enchantments.
You occasionally shout uncontrollably at your foes.


Message History

The naga warrior is moderately wounded.
The naga warrior completely misses you. The naga warrior constricts you.
Casting: Poison Arrow
Confirm with . or Enter, or press ? or * to list all spells.
Aiming: Poison Arrow
Press: ? - help, Shift-Dir - straight line, f/p - naga warrior
Aim: a naga warrior, wielding a glowing whip, wearing a robe and wearing a large shield (moderately wounded, constricting you, poisoned)
The naga warrior blocks the poison arrow.
The naga warrior hits you with a glowing whip!!
The naga warrior constricts you.
Casting: Poison Arrow
Confirm with . or Enter, or press ? or * to list all spells.
Aiming: Poison Arrow
Press: ? - help, Shift-Dir - straight line, f/p - naga warrior
Aim: a naga warrior, wielding a glowing whip, wearing a robe and wearing a large shield (moderately wounded, constricting you, poisoned)
The naga warrior blocks the poison arrow.
The naga warrior hits you with a glowing whip!!
* * * LOW HITPOINT WARNING * * *
You are electrocuted!
You die...

# .. #...
##...#
#.....#
.......##
.........##
........@N#
.........$#
....?....#
.........#
.........#
.......##
.....##
...#


You could see a naga warrior.

Vanquished Creatures
  2 greater nagas
  A very ugly thing (D:14)
  An ettin (Orc:3)
  Snorg (D:14)
  A yaktaur captain (D:13)
  6 hydras
  5 naga warriors
  3 centaur warriors
  5 anacondas
  2 tengu warriors
  3 orc high priests (Orc:4)
  4 naga sharpshooters
  2 shock serpents (Snake:2)
  A salamander mystic (Snake:3)
  Erolcha (D:8)
  6 slime creatures
  A catoblepas (Lair:6)
  An unseen horror (D:12)
  2 naga ritualists
  An ice statue (Lair:4)
  3 wizards (D:14)
  A mana viper (shapeshifter) (D:14)
  9 ugly things
  9 orc knights
  3 orc sorcerers (Orc:4)
  9 hill giants
  4 cyclopes
  A sixfirhy (Lair:8)
  2 salamanders (Snake:2)
  3 mana vipers (Snake:1)
  A manticore (D:13)
  A griffon (D:13)
  An eye of devastation (Lair:8)
  6 naga magi
  2 centaur zombies
  A kobold demonologist (D:13)
  Psyche (Orc:3)
  2 gargoyles
  17 black mambas
  10 komodo dragons
  15 spiny frogs
  2 yaktaurs (D:13)
  An efreet (D:13)
  5 tengu conjurers (D:14)
  A wandering mushroom (Lair:8)
  2 spriggan druids (Lair:8)
  A blue devil (Orc:4)
  A queen bee (D:10)
  9 polar bears
  3 trolls
  4 merfolk (Lair:3)
  The ghost of Chiseanne the Shield-Bearer, an average FoFi of Cheibriados (D:6)
  22 blink frogs
  A two-headed ogre (Orc:4)
  10 ravens
  A boulder beetle (Lair:8)
  4 basilisks
  11 spriggans (Lair:8)
  3 wraiths
  A shadow (D:15)
  6 redbacks (Lair:8)
  40 yaks
  4 wyverns
  A hill giant zombie (D:14)
  Eustachio (D:8)
  3 deep elf magi
  A hill giant skeleton (D:12)
  A hungry ghost (D:11)
  A black mamba skeleton (Snake:1)
  A chaos spawn (Orc:4)
  26 water moccasins
  2 wargs
  18 wolves (Lair:8)
  24 nagas
  14 hippogriffs
  A raven skeleton (D:14)
  A mottled dragon (D:13)
  2 soldier ants
  A human skeleton (D:14)
  2 phantoms
  12 porcupines
  3 yellow wasps (Lair:8)
  2 sky beasts (D:8)
  10 black bears
  10 centaurs
  12 ice beasts
  34 orc warriors
  An orc skeleton (D:14)
  15 ogres
  18 crocodiles
  A boring beetle (Lair:8)
  24 giant frogs
  A komodo dragon zombie (D:10)
  3 big kobolds (D:11)
  Blork the orc (D:9)
  A cyclops zombie (D:14)
  A hippogriff zombie (D:9)
  2 scorpions
  A troll zombie (D:11)
  2 electric eels
  14 killer bees (D:10)
  A yak skeleton (D:14)
  14 jellies
  An eye of draining (Lair:8)
  A tengu skeleton (D:14)
  5 wights (D:6)
  12 hounds
  2 crimson imps (D:14)
  A two-headed ogre zombie (D:13)
  3 goliath beetles
  28 orc priests
  An elf skeleton (D:11)
  A black bear skeleton (D:8)
  A gnoll shaman (D:6)
  6 worker ants
  5 orange rats (Lair:8)
  31 orc wizards
  12 iguanas
  28 sheep
  A brain worm zombie (D:14)
  A sky beast zombie (D:8)
  A mottled dragon zombie (D:13)
  2 hound zombies (D:6)
  An ogre skeleton (D:4)
  2 naga skeletons (Snake:1)
  Terence (D:2)
  A mummy (D:13)
  27 adders
  3 gnolls (D:6)
  60 green rats
  A white imp (Lair:4)
  A shadow imp (D:6)
  A giant mite (D:6)
  3 worms
  An iguana skeleton (D:4)
  An adder skeleton (D:9)
  5 giant geckos
  An ooze (D:2)
  183 orcs
  A ball python (D:6)
  20 goblins
  13 hobgoblins
  28 kobolds
  16 quokkas
  11 bats
  9 giant cockroaches
  3 giant newts
  4 giant spores
  A hobgoblin zombie (D:9)
  An orc zombie (D:6)
  12 rats
  A rat skeleton (D:4)
  A rat zombie (D:6)
  14 ballistomycetes
  2 bushes
  4 fungi
  A plant (Lair:8)
1143 creatures vanquished.

Vanquished Creatures (collateral kills)
  A naga warrior (Snake:1)
  A hill giant (D:13)
  A salamander (Snake:1)
  A black mamba (Snake:1)
  A raven (D:14)
  A water moccasin (Snake:1)
  A raven skeleton (D:13)
  4 nagas (Snake:1)
  A phantom (D:13)
  A killer bee (D:10)
  A jelly (D:13)
  A hound (D:13)
  2 orcs (D:13)
17 creatures vanquished.

Vanquished Creatures (others)
  Pikel (D:7)
  2 ugly thing skeletons (D:14)
  A black mamba (Snake:3)
  2 black mamba skeletons
  A hill giant skeleton (D:14)
  A raven skeleton (D:14)
  A human skeleton (D:14)
  A slave (D:7)
  A yaktaur skeleton (D:13)
  A cyclops skeleton (D:14)
  2 water moccasin skeletons
  A centaur skeleton (D:14)
  An orange rat (Lair:8)
  A kobold skeleton (D:13)
  12 naga skeletons
  An adder (Lair:8)
  An adder skeleton (D:7)
  A giant spore (D:8)
  A ballistomycete (D:7)
  A bush (D:11)
  22 fungi
  9 plants
65 creatures vanquished.

Grand Total: 1225 creatures vanquished

Notes
Turn   | Place    | Note
--------------------------------------------------------------
     0 | D:1      | Ratboiler, the Felid Fire Elementalist, began the quest for the Orb.
     0 | D:1      | Reached XP level 1. HP: 7/7 MP: 4/4
     2 | D:1      | Learned a level 1 spell: Flame Tongue
     4 | D:1      | Reached skill level 1 in Conjurations
   282 | D:1      | Reached XP level 2. HP: 11/11 MP: 1/5
   286 | D:1      | Learned a level 2 spell: Throw Flame
   712 | D:2      | Noticed Terence
   875 | D:2      | Reached XP level 3. HP: 14/14 MP: 3/8
   880 | D:2      | Learned a level 3 spell: Conjure Flame
   972 | D:2      | Reached skill level 3 in Conjurations
  1777 | D:2      | Reached XP level 4. HP: 18/18 MP: 1/10
  2007 | D:2      | Killed Terence
  2218 | D:3      | Noticed Chiseanne's ghost (average FoFi)
  2576 | D:3      | Found an opulent altar of Gozag.
  2631 | D:3      | Found a shimmering altar of Xom.
  2793 | D:3      | Reached XP level 5. HP: 21/21 MP: 10/12
  3200 | D:4      | Reached skill level 4 in Conjurations
  3467 | D:4      | Gained mutation: You are covered in thick fur (AC +2). [growing up]
  3467 | D:4      | Gained mutation: You can jump attack at a medium distance. [growing up]
  3467 | D:4      | Reached XP level 6. HP: 17/24 MP: 5/14
  3555 | D:4      | Found a staircase to the Ecumenical Temple.
  3585 | Temple   | Entered the Ecumenical Temple
  3658 | Temple   | Became a worshipper of Vehumet
  4241 | D:5      | Entered Level 5 of the Dungeon
  5167 | D:6      | Noticed Chiseanne's ghost (average FoFi)
  5174 | D:6      | Killed Chiseanne's ghost
  5174 | D:6      | Reached skill level 5 in Conjurations
  5174 | D:6      | Reached skill level 5 in Fire Magic
  5174 | D:6      | Reached XP level 7. HP: 15/27 MP: 1/18
  5286 | D:5      | Learned a level 4 spell: Sticky Flame
  6254 | D:6      | Reached skill level 6 in Conjurations
  6254 | D:6      | Reached XP level 8. HP: 19/31 MP: 0/20
  6373 | D:6      | Learned a level 3 spell: Inner Flame
  6423 | D:6      | Acquired Vehumet's first power
  6423 | D:6      | Offered knowledge of Shock by Vehumet.
  7986 | D:7      | Reached skill level 7 in Conjurations
  8393 | D:7      | Noticed Pikel
  8399 | D:7      | Killed Pikel
  8865 | D:8      | Noticed Erolcha
  9137 | D:9      | Reached skill level 1 in Fighting
  9578 | D:8      | Noticed Joseph
  9630 | D:8      | Offered knowledge of Freeze by Vehumet.
  9630 | D:8      | Reached XP level 9. HP: 36/36 MP: 10/21
 10092 | D:8      | Killed Erolcha
 10097 | D:8      | Learned a level 3 spell: Mephitic Cloud
 10276 | D:8      | Reached skill level 5 in Spellcasting
 10491 | D:8      | Reached skill level 5 in Fighting
 10568 | D:8      | Noticed Eustachio
 10579 | D:8      | Killed Eustachio
 10977 | D:9      | Reached skill level 5 in Dodging
 11793 | D:9      | Reached XP level 10. HP: 44/44 MP: 15/26
 11984 | D:9      | Noticed Blork the orc
 11994 | D:9      | Killed Blork the orc
 12203 | D:10     | Entered Level 10 of the Dungeon
 12266 | D:10     | Noticed Gastronok
 12324 | D:10     | Noticed a hill giant
 12329 | D:10     | Noticed Raxtorm's ghost (powerful MiFi)
 12441 | D:9      | Offered knowledge of Searing Ray by Vehumet.
 12966 | D:10     | Killed a hill giant
 12966 | D:10     | Reached skill level 8 in Conjurations
 13715 | D:10     | Acquired Vehumet's second power
 13901 | D:10     | Noticed a hill giant
 13934 | D:10     | Killed a hill giant
 14249 | D:11     | Found Rohumm's Armour Boutique.
 14438 | D:11     | Slain by a wyvern
 14439 | D:11     | Reached XP level 9. HP: -1/40 MP: 19/25
 14439 | D:11     | Noticed a cyclops
 14501 | D:11     | Noticed a hill giant
 14816 | D:11     | Offered knowledge of Static Discharge by Vehumet.
 14816 | D:11     | Reached skill level 9 in Dodging
 14816 | D:11     | Reached XP level 10. HP: 24/44 MP: 4/26
 14928 | D:10     | Learned a level 5 spell: Fireball
 15449 | D:11     | Noticed a red ugly thing
 15481 | D:11     | Noticed an eight-headed hydra
 15907 | D:11     | Killed a hill giant
 15907 | D:11     | Killed an eight-headed hydra
 15907 | D:11     | Reached skill level 10 in Dodging
 16363 | D:11     | Acquired Vehumet's third power
 16578 | D:11     | Found a staircase to the Lair.
 16587 | Lair:1   | Entered Level 1 of the Lair of Beasts
 16780 | Lair:1   | Gained mutation: You are resistant to hostile enchantments. [potion of mutation]
 16780 | Lair:1   | Gained mutation: You occasionally shout uncontrollably at your foes. [potion of mutation]
 16780 | Lair:1   | Gained mutation: You are agile. (Dex +2) [potion of mutation]
 17077 | Lair:1   | Reached XP level 11. HP: 38/48 MP: 17/27
 17193 | Lair:1   | Offered knowledge of Bolt of Draining by Vehumet.
 17193 | Lair:1   | Reached skill level 11 in Dodging
 20221 | Lair:3   | Found a staircase to the Snake Pit.
 20439 | Lair:3   | Offered knowledge of Bolt of Cold by Vehumet.
 20703 | Lair:3   | Reached skill level 10 in Conjurations
 20929 | Lair:3   | Reached skill level 12 in Dodging
 21513 | Lair:3   | Found a staircase to the Shoals.
 21572 | Lair:3   | Gained mutation: Your thick and shaggy fur keeps you warm (AC +3, rC+). [growing up]
 21572 | Lair:3   | Gained mutation: You can jump attack at a long distance. [growing up]
 21572 | Lair:3   | Reached XP level 12. HP: 54/54 MP: 21/30
 22165 | Lair:3   | Slain by a freezing wraith
 22166 | Lair:3   | Reached XP level 11. HP: 0/50 MP: 22/29
 22514 | Lair:4   | Learned a level 3 spell: Dazzling Spray
 24260 | Lair:4   | Offered knowledge of Conjure Ball Lightning by Vehumet.
 24311 | Lair:4   | Noticed an eight-headed hydra
 24515 | Lair:4   | Killed an eight-headed hydra
 25347 | Lair:5   | Reached skill level 13 in Dodging
 25364 | Lair:5   | Reached XP level 12. HP: 56/56 MP: 3/31
 27155 | Lair:6   | Noticed a five-headed hydra
 27686 | Lair:6   | Killed a five-headed hydra
 28378 | Lair:7   | Noticed a seven-headed hydra
 28411 | Lair:7   | Killed a seven-headed hydra
 29003 | Lair:7   | Noticed a five-headed hydra
 29005 | Lair:7   | Killed a five-headed hydra
 29226 | Lair:7   | Offered knowledge of Venom Bolt by Vehumet.
 29249 | Lair:7   | Learned a level 5 spell: Venom Bolt
 29259 | Lair:8   | Entered Level 8 of the Lair of Beasts
 29703 | Lair:8   | Reached skill level 14 in Dodging
 29910 | Lair:8   | Found a staircase to the Slime Pits.
 30006 | Lair:8   | Reached XP level 13. HP: 60/60 MP: 7/32
 31456 | Lair:8   | Reached skill level 10 in Fighting
 32349 | Lair:8   | Slain by a sixfirhy
 32350 | Lair:8   | Reached XP level 12. HP: -4/58 MP: 3/31
 33121 | D:11     | Killed a cyclops
 33272 | D:11     | Killed a red ugly thing
 33369 | D:11     | Offered knowledge of Lee's Rapid Deconstruction by Vehumet.
 33592 | D:12     | Noticed an unseen horror
 33611 | D:12     | Killed an unseen horror
 33772 | D:12     | Noticed a brown ugly thing
 33786 | D:12     | Killed a brown ugly thing
 34341 | D:12     | Found a roughly hewn altar of Beogh.
 34347 | D:12     | Noticed a hill giant
 34360 | D:12     | Killed a hill giant
 34360 | D:12     | Reached XP level 13. HP: 61/61 MP: 21/32
 34557 | D:12     | Found Qeibb's Magic Scroll Boutique.
 34568 | D:12     | Bought a scroll of identify for 28 gold pieces
 34568 | D:12     | Bought a scroll of teleportation for 42 gold pieces
 34687 | D:12     | Found a staircase to the Orcish Mines.
 35009 | D:12     | Learned a level 5 spell: Lee's Rapid Deconstruction
 35099 | Orc:1    | Entered Level 1 of the Orcish Mines
 35344 | Orc:1    | Reached skill level 1 in Earth Magic
 35484 | Orc:1    | Offered knowledge of Poison Arrow by Vehumet.
 35543 | Orc:1    | Learned a level 6 spell: Poison Arrow
 36072 | Orc:2    | Reached skill level 1 in Poison Magic
 36317 | Orc:2    | Found a roughly hewn altar of Beogh.
 37227 | Orc:3    | Noticed Psyche
 37230 | Orc:3    | Killed Psyche
 37230 | Orc:3    | Offered knowledge of Ozocubu's Refrigeration by Vehumet.
 37486 | Orc:3    | Found a staircase to the Elven Halls.
 37847 | Orc:3    | Found Cubrid's Distillery.
 37856 | Orc:3    | Bought a potion of invisibility for 77 gold pieces
 37856 | Orc:3    | Bought a potion of magic for 77 gold pieces
 37856 | Orc:3    | Bought a potion of cancellation for 77 gold pieces
 37856 | Orc:3    | Bought a potion of haste for 98 gold pieces
 37856 | Orc:3    | Bought a potion of heal wounds for 42 gold pieces
 37856 | Orc:3    | Bought a potion of haste for 98 gold pieces
 38337 | Orc:4    | Entered Level 4 of the Orcish Mines
 38375 | Orc:4    | Found Fibeivot's Gadget Emporium.
 39042 | Orc:4    | Reached skill level 5 in Poison Magic
 39621 | Orc:4    | Found Ukug Kam's Antique Weapon Shop.
 39622 | Orc:4    | Found Fruraje's Book Emporium.
 39623 | Orc:4    | Found Istraonte's Antique Weapon Shop.
 39623 | Orc:4    | Found Frinom's Gadget Emporium.
 39635 | Orc:4    | Upgraded the game from 0.16-a0-910-g739c61c to 0.16-a0-956-g65bd446
 39637 | Orc:4    | Bought a book of Cantrips for 320 gold pieces
 39640 | Orc:4    | Bought a wand of heal wounds (4) for 720 gold pieces
 39825 | Orc:4    | Offered knowledge of Bolt of Fire by Vehumet.
 40425 | Snake:1  | Entered Level 1 of the Snake Pit
 40706 | Snake:1  | Learned a level 1 spell: Animate Skeleton
 41041 | Snake:1  | Reached skill level 15 in Dodging
 41105 | Snake:1  | Found Ikis' Assorted Antiques.
 41112 | Snake:1  | Bought a glass wand for 84 gold pieces
 41128 | Snake:1  | Reached XP level 14. HP: 60/66 MP: 17/33
 42381 | Snake:2  | Noticed casual's ghost (powerful DgTm)
 43569 | Snake:2  | Reached skill level 10 in Spellcasting
 43586 | Snake:2  | Found Rafu's Armour Boutique.
 44225 | Snake:2  | Mangled by a naga warrior
 44226 | Snake:2  | Reached XP level 13. HP: -6/63 MP: 24/42
 45411 | Snake:2  | Noticed a greater naga
 45625 | D:13     | Reached skill level 1 in Unarmed Combat
 45876 | D:13     | Identified a scroll of acquirement
 45878 | D:13     | Got a crude bone amulet
 45879 | D:13     | Identified the amulet "Smul" {rMut rPois MR+} (You acquired it on level 13 of the Dungeon)
 45992 | D:13     | Found a gate to the Vaults.
 46017 | D:13     | Offered knowledge of Lehudib's Crystal Spear by Vehumet.
 46017 | D:13     | Offered knowledge of Shatter by Vehumet.
 46017 | D:13     | Offered knowledge of Chain Lightning by Vehumet.
 46439 | D:13     | Reached XP level 14. HP: 67/67 MP: 18/34
 46439 | D:13     | Reached skill level 5 in Unarmed Combat
 47008 | D:13     | Found a portal to a secret trove of treasure.
 47841 | D:14     | Learned a level 2 spell: Stoneskin
 49431 | D:14     | Noticed Snorg
 49434 | D:14     | Killed Snorg
 50211 | D:15     | Entered Level 15 of the Dungeon
 50735 | Snake:2  | Killed a greater naga
 51152 | Snake:3  | Reached skill level 15 in Conjurations
 51656 | Snake:3  | Noticed a greater naga
 51897 | Snake:3  | Killed a greater naga
 52161 | Snake:3  | HP: 3/67 [naga warrior/glowing whip (25)]
 52161 | Snake:3  | Mangled by a naga warrior

Action                   |  1- 3 |  4- 6 |  7- 9 | 10-12 | 13-15 || total
-------------------------+-------+-------+-------+-------+-------++-------
Melee: Unarmed           |    18 |    21 |    72 |   103 |   185 ||   399
 Cast: Flame Tongue      |    61 |    76 |   104 |    30 |       ||   271
       Throw Flame       |     9 |    19 |   141 |   605 |   303 ||  1077
       Conjure Flame     |       |    12 |    61 |   103 |    57 ||   233
       Sticky Flame      |       |       |    26 |   117 |    80 ||   223
       Inner Flame       |       |       |    17 |    73 |    88 ||   178
       Mephitic Cloud    |       |       |    15 |    69 |    13 ||    97
       Fireball          |       |       |       |    82 |   286 ||   368
       Dazzling Spray    |       |       |       |    19 |    14 ||    33
       Venom Bolt        |       |       |       |    10 |    12 ||    22
       Animate Skeleton  |       |       |       |       |    36 ||    36
       Poison Arrow      |       |       |       |       |   158 ||   158
       Lee's Rapid Decon |       |       |       |       |     2 ||     2
       Stoneskin         |       |       |       |       |     1 ||     1
 Abil: Jump Attack       |       |       |       |     2 |       ||     2
Evoke: Wand              |       |       |     6 |    19 |     6 ||    31
  Use: Scroll            |       |     7 |     5 |    21 |    13 ||    46
       Potion            |       |       |     1 |     5 |    17 ||    23
 Stab: Sleeping          |     3 |     4 |     3 |       |     1 ||    11
       Invisible         |       |       |       |       |     2 ||     2
       Distracted        |       |       |       |       |     1 ||     1
       Confused          |       |       |       |       |     1 ||     1
  Eat: Chunk             |     9 |     9 |    28 |    81 |    77 ||   204
       Meat ration       |       |       |       |       |     8 ||     8
       Royal jelly       |       |       |       |       |     1 ||     1
       Pizza             |       |       |       |       |     1 ||     1
       Beef jerky        |       |       |       |       |     1 ||     1
